 Dungeon Crawl Stone Soup version 0.30.0-10-gfe55d96785 (webtiles) character file.

Game seed: 15158366744263502873

1972 qw the Cleaver (level 9, -15/56 HPs)
             Began as a Gargoyle Cinder Acolyte on May 17, 2023.
             Was a Believer of Ignis.
             Engulfed by an ice statue's freezing vapour (16 damage)
             ... on level 7 of the Dungeon.
             The game lasted 00:03:13 (5973 turns).

qw the Cleaver (Gargoyle Cinder Acolyte)            Turns: 5973, Time: 00:03:13

Health: -15/56     AC: 34    Str: 23    XL:     9   Next: 20%
Magic:  0/10       EV:  9    Int: 14    God:    Ignis [**....]
Gold:   148        SH:  0    Dex:  9    Spells: 10/10 levels left

rFire   + . .        Y - +1 war axe (freeze)
rCold   . . .        (no shield)
rNeg    + . .        b - +0 chain mail
rPois   inf          w - +0 helmet
rElec   +            k - +2 cloak {rPois}
rCorr   .            l - +2 pair of gloves
SInv    .            e - +2 pair of boots
Will    .....        g - amulet of Ylaifousch {Spirit rPois Dex+4} Stlth
                     (no ring)
HPRegen 0.29/turn    (no ring)
MPRegen 0.12/turn

%: guardian spirit
@: fiery-armoured
A: sickness immunity, AC +6, negative energy resistance 1, electricity
resistance, torment resistance 1, petrification resistance
a: Renounce Religion, Fiery Armour, Foxfire Swarm, Rising Flame


You were on level 7 of the Dungeon.
You worshipped Ignis.
Ignis was pleased with you.
You visited 1 branch of the dungeon, and saw 7 of its levels.

You collected 460 gold pieces.
You spent 312 gold pieces at shops.


Innate Abilities, Weirdness & Mutations

You are immune to sickness and miasma.
Your stone body is resilient. (AC +6)
You are immune to poison.
You resist negative energy. (rN+)
You are resistant to electric shocks. (rElec)
You are resistant to unholy torment.
You are immune to petrification.


   Skills:
 - Level 6.5 Fighting
 + Level 8.5 Axes
 - Level 2.0 Throwing
 - Level 5.0 Armour
 - Level 1.4 Dodging
 - Level 1.0 Spellcasting
 - Level 3.0 Fire Magic


You had 10 spell levels left.
You didn't know any spells.
Your spell library contained the following spells:

 Spells                   Type           Power      Damage    Failure   Level
 Scorch                   Fire           18%        2d6       54%         2

Inventory:

Hand Weapons
 u - a +0 flail of protection
 Y - a +1 war axe of freezing (weapon)
Missiles
 f - 5 boomerangs (quivered)
Armour
 b - a +0 chain mail (worn)
 e - a +2 pair of boots (worn)
 k - a +2 cloak of poison resistance (worn)
 l - a +2 pair of gloves (worn)
 w - a +0 helmet (worn)
Jewellery
 g - the amulet of Ylaifousch (around neck) {Spirit rPois Dex+4}
   (You acquired it on level 5 of the Dungeon)

   [amulet of guardian spirit]

   It causes incoming damage to be divided between your reserves of health and
   magic.
   Dex:       It affects your dexterity (+4).
   rPois:     It protects you from poison.
Scrolls
 s - a scroll of identify
Potions
 c - a potion of might {unknown}
 h - a potion of attraction {unknown}
 i - a potion of brilliance {unknown}
 j - a potion of invisibility {unknown}
 m - a potion of ambrosia {unknown}
 n - a potion of curing
 o - a potion of lignification {unknown}
 q - a potion of haste {unknown}
 r - a potion of mutation {unknown}
 t - a potion of resistance {unknown}

Dungeon Overview and Level Annotations

Branches:
Dungeon (7/15)             Temple (0/1) D:4

Altars:
Ashenzari
Hepliaklqana
Ru
Uskayaw
Yredelemnul
Zin

Shops:
D:4 (   D:6 (

Annotations:
D:4 1 runed translucent door, Crazy Yiuf


Message History

You are too injured to fight recklessly!
The ice statue gestures.
You are too injured to fight recklessly!
You slash the ice beast!
The ice beast is heavily wounded.
The ice statue gestures.
The ice beast closely misses you.
You hit the ice beast.
The ice beast is severely wounded.
The ice beast hits you but does no damage.
The ice beast melts!
The ice beast is burned by your cloak of flames.
The ice beast is severely wounded.
You slice the ice beast!!
You kill the ice beast!
The ice beast disappears in a puff of smoke!
You barely miss the ice beast. The ice beast barely misses you.
The ice statue gestures.
You barely miss the ice beast.
The ice beast hits you but does no damage.
The ice beast melts!
The ice beast is burned by your cloak of flames.
The ice beast is heavily wounded.
You hit the ice beast.
The ice beast is heavily wounded.
The ice beast hits you but does no damage.
The ice beast melts!
The ice beast is burned by your cloak of flames.
The ice beast is heavily wounded.
You closely miss the ice beast.
The ice beast is heavily wounded.
The ice beast barely misses you. The ice statue gestures at you.
The freezing blast engulfs you!
You slash the ice beast!
The ice beast is almost dead.
You slash the ice beast!
You are engulfed in freezing vapours.
You die...

##################
....~~~.....}...(.
..^.~~~........#
....~80Y0.....#
....~~Y@0....#
....~0000...}##
#############.##########
#...........
#.....##########. ##...#
#. ##.# ######. #.
#...... # #.#####


You could see an ice statue and 2 ice beasts.

Vanquished Creatures
  Menkaure (D:5)
  2 water moccasins
  2 black bears
  2 ogres (D:5)
  A kobold brigand (D:6)
  Blork the orc (D:4)
  2 scorpions (D:5)
  9 wights
  3 hounds
  An orc priest (D:4)
  A jelly (D:5)
  2 iguanas
  3 orc wizards (D:5)
  Robin (D:4)
  10 gnolls
  8 adders
  2 ufetubi
  A dart slug (D:1)
  17 orcs
  3 ball pythons
  10 bats
  7 endoplasms
  3 giant cockroaches
  15 goblins
  9 hobgoblins
  6 jackals
  4 quokkas
  2 frilled lizards
  7 kobolds
  4 rats
139 creatures vanquished.

Notes
Turn   | Place    | Note
-------+----------+-------------------------------------------
     0 | D:1      | qw the Gargoyle Cinder Acolyte began the quest for the Orb.
     0 | D:1      | Reached XP level 1. HP: 14/14 MP: 2/2
     0 | D:1      | 0 ||| qw: Version: 0.2-a-95-g4c1bab1
     0 | D:1      | 0 ||| qw: Game counter: 136
     0 | D:1      | 0 ||| qw: Always use a shield: true
     0 | D:1      | 0 ||| qw: God list: Okawaru
     0 | D:1      | 0 ||| qw: Allow faded altars: false
     0 | D:1      | 0 ||| qw: Do Orc after D:15 true
     0 | D:1      | 0 ||| qw: Do second Lair branch before Depths: true
     0 | D:1      | 0 ||| qw: Lair rune preference: random
     0 | D:1      | 0 ||| qw: Plans: Normal
     0 | D:1      | 0 ||| PLANNING D:1-11
    49 | D:1      | 49 ||| Stepping ~*~*~tactically~*~*~ (hiding).
    77 | D:1      | Reached skill level 3 in Axes
   148 | D:1      | Reached XP level 2. HP: 19/19 MP: 3/3
   180 | D:1      | 180 ||| INVOKING Fiery Armour.
   514 | D:1      | 514 ||| INVOKING Fiery Armour.
   701 | D:1      | Reached XP level 3. HP: 23/23 MP: 4/4
   938 | D:1      | 938 ||| UPGRADING to +2 pair of boots.
   943 | D:1      | 943 ||| UPGRADING to +2 cloak of poison resistance.
   948 | D:1      | 948 ||| READING scroll labelled ITEUTUU OFOI.
   949 | D:1      | 949 ||| READING scroll labelled HAESKE NOOPS.
   986 | D:2      | Reached skill level 4 in Axes
  1042 | D:2      | 1042 ||| Stepping ~*~*~tactically~*~*~ (stealth).
  1043 | D:2      | 1043 ||| Stepping ~*~*~tactically~*~*~ (stealth).
  1160 | D:2      | Reached XP level 4. HP: 28/28 MP: 5/5
  1199 | D:2      | 1199 ||| Stepping ~*~*~tactically~*~*~ (stealth).
  1226 | D:2      | 1226 ||| Stepping ~*~*~tactically~*~*~ (stealth).
  1303 | D:2      | 1303 ||| INVOKING Fiery Armour.
  1507 | D:2      | Found a faded altar of an unknown god.
  1748 | D:2      | 1748 ||| UPGRADING to +0 pair of gloves.
  1753 | D:2      | 1753 ||| UPGRADING to +0 ring mail.
  1763 | D:2      | 1763 ||| DROPPING +0 robe.
  1764 | D:2      | 1764 ||| READING scroll labelled EKATIY TIMUNAFF.
  1765 | D:2      | 1765 ||| READING 2 scrolls labelled MYTUYDIVAJ.
  1766 | D:2      | 1766 ||| READING scroll of enchant armour.
  1766 | D:2      | 1766 ||| ENCHANTING +0 pair of gloves.
  1767 | D:2      | 1767 ||| READING scroll labelled HESTRI COIPUE.
  1768 | D:2      | 1768 ||| READING 2 scrolls labelled ASULABURHA.
  1769 | D:2      | 1769 ||| READING scroll labelled NAYBRU HONWIPT.
  1770 | D:2      | 1770 ||| READING scroll labelled KUYSTR AMUQYO.
  1803 | D:2      | 1803 ||| DROPPING +0 club.
  1842 | D:2      | 1842 ||| DROPPING +0 whip.
  1843 | D:2      | 1843 ||| READING scroll labelled IREFYN TESIFO.
  1844 | D:2      | 1844 ||| READING scroll labelled NYIFEU ROGHO.
  1845 | D:2      | 1845 ||| DRINKING 2 puce potions.
  1846 | D:2      | 1846 ||| DROPPING scroll of fear.
  1901 | D:3      | Noticed a black bear
  1915 | D:3      | Killed a black bear
  1916 | D:3      | Reached skill level 3 in Armour
  1916 | D:3      | Reached XP level 5. HP: 29/32 MP: 6/6
  1930 | D:3      | 1930 ||| READING scroll of enchant armour.
  1930 | D:3      | 1930 ||| ENCHANTING +1 pair of gloves.
  1988 | D:3      | 1988 ||| Stepping ~*~*~tactically~*~*~ (stealth).
  1997 | D:3      | Reached skill level 5 in Axes
  1997 | D:3      | Reached XP level 6. HP: 37/37 MP: 7/7
  2056 | D:3      | You fall into a shaft and drop 3 floors!
  2093 | D:6      | 2093 ||| Stepping ~*~*~tactically~*~*~ (stealth).
  2094 | D:6      | 2094 ||| Stepping ~*~*~tactically~*~*~ (stealth).
  2157 | D:6      | 2157 ||| DROPPING orb of wrath.
  2165 | D:6      | 2165 ||| STAIRDANCE
  2166 | D:5      | Entered Level 5 of the Dungeon
  2174 | D:5      | 2174 ||| INVOKING Fiery Armour.
  2182 | D:5      | 2182 ||| Stepping ~*~*~tactically~*~*~ (hiding).
  2193 | D:5      | 2193 ||| DRINKING potion of curing.
  2193 | D:5      | 2193 ||| (to cure confusion)
  2210 | D:5      | Reached skill level 6 in Axes
  2210 | D:5      | Reached XP level 7. HP: 36/43 MP: 8/8
  2359 | D:5      | 2359 ||| UPGRADING to +0 chain mail.
  2369 | D:5      | 2369 ||| DROPPING +0 ring mail.
  2370 | D:5      | 2370 ||| READING scroll labelled FOASUI NOUN.
  2384 | D:4      | Found a basalt altar of Yredelemnul.
  2415 | D:4      | 2415 ||| Stepping ~*~*~tactically~*~*~ (stealth).
  2426 | D:4      | 2426 ||| Stepping ~*~*~tactically~*~*~ (stealth).
  2528 | D:4      | 2528 ||| READING scroll labelled XUD ABRUCH.
  2574 | D:3      | 2574 ||| Stepping ~*~*~tactically~*~*~ (stealth).
  2575 | D:3      | 2575 ||| SWAPPING to +0 war axe.
  2576 | D:3      | 2576 ||| DROPPING -1 spectral hand axe.
  2579 | D:3      | 2579 ||| Stepping ~*~*~tactically~*~*~ (stealth).
  2752 | D:3      | 2752 ||| Stepping ~*~*~tactically~*~*~ (stealth).
  2884 | D:3      | Reached skill level 7 in Axes
  3005 | D:3      | 3005 ||| READING scroll labelled VIM WOOCSU.
  3006 | D:3      | 3006 ||| DRINKING 3 purple potions.
  3007 | D:3      | 3007 ||| DRINKING 2 bubbling grey potions.
  3008 | D:3      | 3008 ||| DROPPING potion of degeneration.
  3062 | D:4      | 3062 ||| INVOKING Fiery Armour.
  3067 | D:4      | HP: 9/44 [wight/+4 dagger (5)]
  3068 | D:4      | 3068 ||| READING scroll of teleportation.
  3250 | D:4      | Noticed Blork the orc
  3265 | D:4      | Killed Blork the orc
  3266 | D:4      | Reached XP level 8. HP: 28/49 MP: 9/9
  3379 | D:4      | Reached skill level 1 in Throwing
  3559 | D:4      | Found a broken altar of Ashenzari.
  3573 | D:4      | Found Tiekud's Weapon Emporium.
  3802 | D:4      | Found a staircase to the Ecumenical Temple.
  3874 | D:4      | 3874 ||| Stepping ~*~*~tactically~*~*~ (hiding).
  3875 | D:4      | 3875 ||| Stepping ~*~*~tactically~*~*~ (hiding).
  3876 | D:4      | 3876 ||| Stepping ~*~*~tactically~*~*~ (hiding).
  3879 | D:4      | 3879 ||| INVOKING Fiery Armour.
  3881 | D:4      | Noticed Robin
  3893 | D:4      | Killed Robin
  3905 | D:4      | Found a runed translucent door.
  3906 | D:4      | Noticed Crazy Yiuf
  4077 | D:4      | 4077 ||| UPGRADING to +0 helmet.
  4082 | D:4      | 4082 ||| READING scroll labelled NEIFFI KIEGENO.
  4083 | D:4      | 4083 ||| DRINKING 2 white potions.
  4084 | D:4      | 4084 ||| DROPPING potion of flight.
  4134 | D:5      | 4134 ||| Stepping ~*~*~tactically~*~*~ (stealth).
  4141 | D:5      | 4141 ||| INVOKING Fiery Armour.
  4150 | D:5      | 4150 ||| Stepping ~*~*~tactically~*~*~ (stealth).
  4151 | D:5      | 4151 ||| Stepping ~*~*~tactically~*~*~ (stealth).
  4161 | D:5      | HP: 12/49 [wight/+0 dire flail (6)]
  4162 | D:5      | 4162 ||| DRINKING 2 potions of heal wounds.
  4178 | D:5      | 4178 ||| Stepping ~*~*~tactically~*~*~ (stealth).
  4182 | D:5      | 4182 ||| Stepping ~*~*~tactically~*~*~ (stealth).
  4183 | D:5      | 4183 ||| Stepping ~*~*~tactically~*~*~ (stealth).
  4184 | D:5      | 4184 ||| Stepping ~*~*~tactically~*~*~ (stealth).
  4198 | D:5      | 4198 ||| Stepping ~*~*~tactically~*~*~ (stealth).
  4207 | D:5      | 4207 ||| Stepping ~*~*~tactically~*~*~ (stealth).
  4227 | D:5      | Reached skill level 8 in Axes
  4241 | D:5      | 4241 ||| Stepping ~*~*~tactically~*~*~ (stealth).
  4362 | D:5      | Noticed Menkaure
  4368 | D:5      | Killed Menkaure
  4369 | D:5      | Reached skill level 6 in Fighting
  4444 | D:5      | Found a glowing silver altar of Zin.
  4661 | D:5      | 4661 ||| READING scroll labelled ULUMUU XITAN.
  4661 | D:5      | Identified a scroll of acquirement
  4661 | D:5      | 4661 ||| ACQUIRING amulet of Ylaifousch {Spirit rPois
                  | Dex+4}
  4661 | D:5      | Acquired the amulet of Ylaifousch {Spirit rPois Dex+4}
  4663 | D:5      | 4663 ||| UPGRADING to amulet of Ylaifousch {Spirit rPois
                  | Dex+4}.
  4670 | D:5      | Found a sacrificial altar of Ru.
  4681 | D:5      | Reached skill level 1 in Dodging
  4792 | D:5      | 4792 ||| READING scroll labelled TUORUH ARHOW ERO.
  4961 | D:6      | Reached XP level 9. HP: 56/56 MP: 10/10
  5013 | D:6      | 5013 ||| Stepping ~*~*~tactically~*~*~ (hiding).
  5015 | D:6      | 5015 ||| Stepping ~*~*~tactically~*~*~ (hiding).
  5034 | D:6      | 5034 ||| DROPPING +0 flail.
  5179 | D:6      | Found a hazy altar of Hepliaklqana.
  5179 | D:6      | Found a hide-covered altar of Uskayaw.
  5181 | D:6      | 5181 ||| Stepping ~*~*~tactically~*~*~ (stealth).
  5353 | D:6      | Found Nedoicu's Antique Weapon Shoppe.
  5360 | D:6      | 5360 ||| BUYING glowing flail (156 gold).
  5360 | D:6      | Bought a glowing flail for 156 gold pieces
  5360 | D:6      | 5360 ||| BUYING runed flail (156 gold).
  5360 | D:6      | Bought a runed flail for 156 gold pieces
  5360 | D:6      | 5360 ||| DROPPING +0 heavy flail.
  5361 | D:6      | 5361 ||| DROPPING +2 heavy flail.
  5675 | D:6      | 5675 ||| READING scroll labelled DIKEDGH SAUGEPU.
  5818 | D:7      | 5818 ||| READING scroll of brand weapon.
  5818 | D:7      | 5818 ||| BRANDING +1 war axe.
  5883 | D:7      | Noticed an ice statue
  5884 | D:7      | 5884 ||| INVOKING Fiery Armour.
  5920 | D:7      | 5920 ||| Stepping ~*~*~tactically~*~*~ (cloud).
  5945 | D:7      | HP: 8/56 [ice statue/bolt of cold (8)]
  5946 | D:7      | 5946 ||| DRINKING potion of heal wounds.
  5957 | D:7      | 5957 ||| Stepping ~*~*~tactically~*~*~ (cloud).
  5959 | D:7      | HP: 8/56 [ice beast[an ice statue] (11)]
  5972 | D:7      | HP: 1/56 [ice statue/freezing blast (11)]
  5973 | D:7      | Engulfed by an ice statue's freezing vapour

Levels and vault maps discovered:
D:1:      minmay_arrival_open_corners, layout_loops_ring, minivault_24,
          st_stairs_14
D:2:      kennysheep_big_flooded_room, layout_basic,
          shapermc_ecumenical_altar_petra, minmay_misc_feat_encased,
          roderic_roman_lattice
D:3:      layout_loops_ring, kennysheep_generic_room_7
D:4:      layout_loops_ring, grunt_temple_overflow_open,
          minmay_temple_entry_proselytizer, serial_shops, shop_coins,
          amethyst_killhole, uniq_crazy_yiuf_cottage, uniq_robin,
          uniq_blork_the_orc
D:5:      layout_cave_pools, hangedman_ru_absence, kennysheep_mini,
          kennysheep_generic_room_12, uniq_menkaure
D:6:      layout_basic, chequers_temple_overflow_statue_of_worship,
          serial_shops, nicolae_shop_pleasant_corner_grove
D:7:      lemuel_ice_statue, layout_loops_corners, grunt_qazlal_sundering,
          minmay_manual_mess, uniq_maggie

Skill      XL: |  1  2  3  4  5  6  7  8  9 |
---------------+----------------------------+-----
Axes           | 3 4 5 6 7 8 |  8.5
Armour         | 3 4 5 |  5.0
Fighting       | 4 5 6 |  6.5
Throwing       | 2 |  2.0
Dodging        | 1 |  1.4
Spellcasting   | |  1.0
Fire Magic     | |  3.0

Action                     |  1- 3 |  4- 6 |  7- 9 || total
---------------------------+-------+-------+-------++-------
  Melee: Hand axe          |   123 |    98 |    41 ||   262
         Punch             |     1 |     1 |     2 ||     4
         War axe           |       |       |   274 ||   274
  Throw: Boomerang         |       |       |    31 ||    31
         Javelin           |       |       |    30 ||    30
 Invoke: Fiery Armour      |     2 |     2 |     4 ||     8
    Use: Scroll            |     2 |    10 |     9 ||    21
         Potion            |       |     2 |     5 ||     7
   Stab: Distracted        |       |     1 |       ||     1
 Armour: Robe              |    57 |    17 |       ||    74
         Ring mail         |       |    44 |     3 ||    47
         Chain mail        |       |       |   221 ||   221
  Dodge: Dodged            |    85 |    49 |   111 ||   245

Table legend:
 A = Non-vault XP
 B = Vault XP
 C = Vault XP percentage of total XP
 D = Non-vault monster count
 E = Vault monster count
 F = Vault count percentage of total count
                 A         B        C        D         E       F
            +---------+---------+-------+---------+---------+-------
      Total |    2273 |     545 |  19.3 |     115 |      24 |  17.3
            +---------+---------+-------+---------+---------+-------
        D:1 |      34 |       3 |   8.1 |      20 |       2 |   9.1
        D:2 |      97 |      15 |  13.4 |      22 |       2 |   8.3
        D:3 |     214 |      16 |   7.0 |      16 |       2 |  11.1
        D:4 |     359 |     170 |  32.1 |      12 |      15 |  55.6
        D:5 |    1071 |     341 |  24.2 |      26 |       3 |  10.3
        D:6 |     353 |       0 |   0.0 |      18 |       0 |   0.0
        D:7 |     145 |       0 |   0.0 |       1 |       0 |   0.0
            +---------+---------+-------+---------+---------+-------
